 Dungeon Crawl Stone Soup version 0.29.1-12-g30fa7ad0bf (webtiles) character file.

Game seed: 2135168540608698457

16904 Peloso the Cleaver (level 12, -2/110 HPs)
             Began as a Minotaur Fighter on Jan 13, 2023.
             Was a High Priest of Okawaru.
             Slain by a 13-headed hydra (10 damage)
             ... on level 11 of the Dungeon on Jan 15, 2023.
             The game lasted 00:19:50 (8824 turns).

Peloso the Cleaver (Minotaur Fighter)               Turns: 8824, Time: 00:19:51

Health: -2/110     AC: 20    Str: 23    XL:     12   Next: 14%
Magic:  9/11       EV: 13    Int:  5    God:    Okawaru [*****.]
Gold:   667        SH:  7    Dex: 13    Spells: 11/11 levels left

rFire   . . .      SeeInvis +   b - +14 obsidian axe {vorpal, Mesm Drain Fly SInv}
rCold   . . .      Faith    .   d - +0 buckler
rNeg    . . .      Spirit   .   N - +4 scale mail
rPois   .          Reflect  .   L - +1 hat {Will+}
rElec   .          Harm     .   J - +0 cloak
rCorr   .          Rampage  .   t - +0 pair of gloves
Will    +....                   c - +0 pair of boots
Stlth   ++........              f - amulet of regeneration
HPRegen 1.08/turn               i - ring of see invisible
MPRegen 0.12/turn               (no ring)

@: heroic, flying, mesmerised
A: horns 2, retaliatory headbutt
a: Renounce Religion, Heroism, Finesse, Duel


You were on level 11 of the Dungeon.
You worshipped Okawaru.
Okawaru was extremely pleased with you.
You visited 2 branches of the dungeon, and saw 12 of its levels.
You also visited: Bailey.

You collected 667 gold pieces.

Inventory:

Hand Weapons
 a - a +0 long sword
 b - the +14 obsidian axe (weapon) {vorpal, Mesm Drain Fly SInv}
   (You found it on level 6 of the Dungeon)

   It inflicts extra damage upon your enemies.
   It occasionally summons demons to assist the wielder when it strikes in
   combat.
   Its wielder is mesmerised by any visible foes.
   It cannot be unequipped while any foes are visible.
   SInv:      It lets you see invisible.
   Fly:       It grants you flight.
   Drain:     It drains your maximum health when unequipped.
 k - the +9 battleaxe "Dragonslayer" {holy, Will+}
   (Okawaru gifted it to you on level 10 of the Dungeon)

   It has been blessed by the Shining One to cause great damage to the undead
   and demons.
   Will:      It increases your willpower.
Armour
 c - a +0 pair of boots (worn)
 d - a +0 buckler (worn)
 t - a +0 pair of gloves (worn)
 J - a +0 cloak (worn)
 L - a +1 hat of willpower (worn)
 N - a +4 scale mail (worn)
Jewellery
 f - an amulet of regeneration (around neck)
 i - a ring of see invisible (left hand)
 O - a +4 ring of evasion
Wands
 e - a wand of digging (5)
 r - a wand of flame (24)
 G - a wand of roots (15)
 Q - a wand of acid (7)
Scrolls
 j - a scroll of summoning {unknown}
 n - 4 scrolls of immolation
 o - 3 scrolls of vulnerability
 q - 2 scrolls of magic mapping
 s - 3 scrolls of blinking
 y - 2 scrolls of teleportation
 z - 2 scrolls of enchant armour
 A - 2 scrolls of enchant weapon {unknown}
 B - 3 scrolls of poison {unknown}
 D - a scroll of amnesia {unknown}
 E - a scroll of acquirement
 F - 2 scrolls of torment {unknown}
 I - 2 scrolls of noise {unknown}
 M - a scroll of fear {unknown}
 P - a scroll of identify
Potions
 g - 5 potions of might
 h - 4 potions of haste
 l - 5 potions of curing
 m - 3 potions of flight
 p - a potion of cancellation
 u - 3 potions of resistance
 v - 2 potions of invisibility
 w - a potion of magic
 x - 2 potions of brilliance {unknown}
 C - 7 potions of heal wounds
 H - 3 potions of mutation {unknown}
 K - a potion of experience {unknown}


   Skills:
 + Level 11.2(16.2) Fighting
 + Level 9.2(14.2) Long Blades
 + Level 13.9(18.9) Axes
 + Level 11.9(16.9) Armour
 + Level 3.6(8.6) Dodging
 + Level 1.4(6.4) Stealth
 + Level 7.0(12.0) Shields
 + Level 0.4 Invocations
 + Level 0.2 Evocations


You had 11 spell levels left.
You didn't know any spells.
Your spell library contained the following spells:

 Spells                   Type           Power      Damage    Failure   Level
 Beastly Appendage        Tmut           0%         N/A       75%         1
 Magic Dart               Conj           0%         1d3       75%         1
 Ensorcelled Hibernation  Hex/Ice        0%         N/A       87%         2
 Passwall                 Tmut/Erth      0%         N/A       87%         2
 Wereblood                Tmut           0%         N/A       87%         2
 Mephitic Cloud           Conj/Pois/Air  0%         N/A       98%         3
 Spider Form              Tmut/Pois      0%         N/A       98%         3
 Swiftness                Air            0%         N/A       98%         3
 Blade Hands              Tmut           0%         N/A       100%        5
 Fireball                 Conj/Fire      0%         3d3       100%        5
 Irradiate                Conj/Tmut      0%         3d11      100%        5
 Starburst                Conj/Fire      0%         6d3       100%        6
 Dragon Form              Tmut           0%         N/A       100%        7
 Ignition                 Fire           0%         3d3       100%        8
 Call Imp                 Summ           Unusable   N/A       N/A         2

Dungeon Overview and Level Annotations

Branches:
Dungeon (11/15)            Temple (1/1) D:7            Lair (0/5) D:8
 Bailey (visited)
    Orc: D:9-12

Altars:
Ashenzari
Cheibriados
Dithmenos
Elyvilon
Fedhas
Hepliaklqana
Kikubaaqudgha
Makhleb
Nemelex Xobeh
Okawaru
Qazlal
Sif Muna
Trog
Uskayaw
Vehumet
Wu Jian
Yredelemnul
Zin
The Shining One

Shops:
D:10 *


Innate Abilities, Weirdness & Mutations

You have a pair of horns on your head.
You reflexively headbutt those who attack you in melee.


Message History

You block the 11-headed hydra's attack. The 11-headed hydra bites you.
* * * LOW HITPOINT WARNING * * *
The 11-headed hydra bites you but does no damage.
The 11-headed hydra bites you.
* * * LOW HITPOINT WARNING * * *
The 11-headed hydra bites you but does no damage.
The 11-headed hydra bites you.
* * * LOW HITPOINT WARNING * * *
You block the 11-headed hydra's attack.
You lop one of the 11-headed hydra's heads off!
The ten-headed hydra grows two more!
You hit the 12-headed hydra.
The 12-headed hydra is severely wounded.
The 12-headed hydra bites you but does no damage. x2
You block the 12-headed hydra's attack. The 12-headed hydra bites you.
* * * LOW HITPOINT WARNING * * *
The 12-headed hydra bites you.
* * * LOW HITPOINT WARNING * * *
The 12-headed hydra barely misses you.
The 12-headed hydra bites you but does no damage. x3
The 12-headed hydra bites you.
* * * LOW HITPOINT WARNING * * *
The 12-headed hydra misses you. The 12-headed hydra closely misses you.
You hack one of the 12-headed hydra's heads off!
The 11-headed hydra grows two more!
You hit the 13-headed hydra.
The 13-headed hydra is heavily wounded.
Unknown command.
You barely miss the 13-headed hydra.
The 13-headed hydra is heavily wounded.
The 13-headed hydra bites you.
* * * LOW HITPOINT WARNING * * *
The 13-headed hydra misses you. The 13-headed hydra barely misses you.
You block the 13-headed hydra's attack.
The 13-headed hydra bites you but does no damage.
The 13-headed hydra bites you.
* * * LOW HITPOINT WARNING * * *
The 13-headed hydra bites you but does no damage.
The 13-headed hydra bites you.
* * * LOW HITPOINT WARNING * * *
The 13-headed hydra bites you!
You die...

###### #....# #....#
#..!.# #. ....... #....#
##.. ......
##....##.##.###.....
#......#.#... +.....
#..@.....#..###.....
#####+#D##.###>.........
#.......#....#......#.##
#.......#.####........##
#........<.......####..#
#......###.......# #...
#......+......~~.# #...
#......##....~≈..# ####
#^.............~.#


You could see a 13-headed hydra (mesmerising).

Vanquished Creatures
  Gastronok (D:8)
  A hydra (D:11)
  A two-headed ogre (D:11)
  An orc high priest (Bailey)
  A wizard (D:10)
  An orc knight (Bailey)
  A manticore (D:11)
  Joseph (D:7)
  A gargoyle (D:11)
  An unseen horror (D:11)
  A kobold demonologist (Bailey)
  2 trolls
  2 hornets
  3 shadows
  2 vampires
  A wraith (D:9)
  A wyvern (D:9)
  22 yaks
  Grum (D:8)
  A steam dragon (D:7)
  3 vampire mosquitoes (D:10)
  4 water moccasins
  13 orc warriors
  2 sky beasts
  3 black bears
  2 centaurs (D:8)
  3 wolves (D:8)
  A phantom (D:6)
  A kobold brigand (D:10)
  8 bullfrogs
  A necrophage (D:7)
  3 scorpions
  11 wights
  9 killer bees
  5 electric eels (Bailey)
  5 howler monkeys
  2 jellies
  2 hounds
  6 orc priests
  4 iguanas
  9 orc wizards
  15 gnolls
  12 adders
  2 white imps
  3 worms
  2 dart slugs
  22 orcs
  5 ball pythons
  4 bats
  7 endoplasms
  3 giant cockroaches
  14 goblins
  6 hobgoblins
  12 kobolds
  2 quokkas
  5 frilled lizards
  3 rats
260 creatures vanquished.

Vanquished Creatures (collateral kills)
  A sky beast (D:6)
  A kobold brigand (D:7)
  A wight (D:6)
  3 kobolds (D:7)
6 creatures vanquished.

Vanquished Creatures (others)
  32 fungi (D:8)
  24 plants (D:8)
56 creatures vanquished.

Grand Total: 322 creatures vanquished

Notes
Turn   | Place    | Note
-------+----------+-------------------------------------------
     0 | D:1      | Peloso the Minotaur Fighter began the quest for the Orb.
     0 | D:1      | Reached XP level 1. HP: 19/19 MP: 0/0
   344 | D:1      | Reached XP level 2. HP: 27/27 MP: 1/1
   880 | D:2      | Reached XP level 3. HP: 33/33 MP: 2/2
  1551 | D:3      | Reached XP level 4. HP: 32/40 MP: 3/3
  1709 | D:3      | Found a faded altar of an unknown god.
  1794 | D:3      | Reached XP level 5. HP: 46/46 MP: 4/4
  1933 | D:3      | Reached skill level 5 in Armour
  2162 | D:4      | Identified the +6 whip "Ogreslayer" {venom, rPois rF+ Str+2
                  | Int-5}
  2218 | D:4      | Reached skill level 1 in Dodging
  2218 | D:4      | Reached XP level 6. HP: 40/53 MP: 5/5
  2578 | D:4      | Reached skill level 5 in Long Blades
  2607 | D:4      | Found a shadowy altar of Dithmenos.
  2610 | D:4      | Found a sparkling altar of Nemelex Xobeh.
  2613 | D:4      | Found a hazy altar of Hepliaklqana.
  2614 | D:4      | Found a blossoming altar of Fedhas.
  2614 | D:4      | Found a shimmering blue altar of Sif Muna.
  2614 | D:4      | Found a glowing silver altar of Zin.
  2617 | D:4      | Found a hide-covered altar of Uskayaw.
  2618 | D:4      | Found a bloodstained altar of Trog.
  2619 | D:4      | Found a radiant altar of Vehumet.
  3115 | D:5      | Entered Level 5 of the Dungeon
  3119 | D:5      | Reached skill level 5 in Shields
  3297 | D:5      | Reached XP level 7. HP: 60/60 MP: 6/6
  3403 | D:5      | HP: 1/60 [water moccasin (8)]
  3688 | D:6      | Reached skill level 5 in Fighting
  3773 | D:6      | Reached XP level 8. HP: 61/69 MP: 7/7
  4013 | D:6      | Found the +14 obsidian axe {vorpal, Mesm Drain Fly SInv}
  4229 | D:6      | Reached skill level 1 in Axes
  4402 | D:6      | Reached skill level 2 in Axes
  4802 | D:7      | Noticed Joseph
  4809 | D:7      | Killed Joseph
  4810 | D:7      | Reached skill level 3 in Axes
  4810 | D:7      | Reached XP level 9. HP: 77/78 MP: 8/8
  4912 | D:7      | Found a staircase to the Ecumenical Temple.
  5101 | D:7      | Reached skill level 4 in Axes
  5218 | D:7      | Reached skill level 5 in Axes
  5222 | D:7      | Reached skill level 6 in Axes
  5558 | Temple   | Entered the Ecumenical Temple
  5562 | Temple   | Became a worshipper of Warmaster Okawaru
  5583 | D:8      | Noticed Grum
  5588 | D:8      | Reached skill level 7 in Axes
  5595 | D:8      | Killed Grum
  5596 | D:8      | Reached XP level 10. HP: 59/88 MP: 9/9
  5699 | D:8      | Reached * piety under Okawaru
  5782 | D:8      | Reached skill level 8 in Axes
  5784 | D:8      | Found a staircase to the Lair.
  6094 | D:8      | Noticed Gastronok
  6102 | D:8      | Killed Gastronok
  6102 | D:8      | Reached ** piety under Okawaru
  6102 | D:8      | Reached *** piety under Okawaru
  6103 | D:8      | Reached skill level 9 in Axes
  6103 | D:8      | Reached skill level 10 in Armour
  6151 | D:8      | Reached skill level 10 in Axes
  6155 | D:8      | Reached skill level 1 in Stealth
  6312 | D:9      | Reached **** piety under Okawaru
  6519 | D:9      | Reached XP level 11. HP: 84/97 MP: 10/10
  6909 | D:10     | Entered Level 10 of the Dungeon
  6977 | D:10     | Reached skill level 11 in Axes
  7012 | D:10     | Found a flagged portal.
  7057 | Bailey   | Entered a bailey
  7101 | Bailey   | Noticed an orc knight
  7113 | Bailey   | Killed an orc knight
  7113 | Bailey   | Reached ***** piety under Okawaru
  7269 | Bailey   | Reached skill level 10 in Fighting
  7503 | Bailey   | Found an iron altar of Okawaru.
  7503 | Bailey   | Noticed an orc high priest
  7510 | Bailey   | Killed an orc high priest
  7513 | Bailey   | Reached skill level 12 in Axes
  7745 | D:10     | Identified the +9 battleaxe "Dragonslayer" {holy, Will+}
                  | (Okawaru gifted it to you on level 10 of the Dungeon)
  7745 | D:10     | Received a gift from Okawaru
  7765 | D:10     | Noticed a wizard
  7771 | D:10     | Killed a wizard
  7817 | D:10     | Identified the +0 pair of gloves of Ignis's Benevolence
                  | {-Tele Rampage rC+++ Str-5}
  7896 | D:10     | Found a white marble altar of Elyvilon.
  8103 | D:10     | Found Qengaub's Demolitions Depot.
  8219 | D:10     | Reached skill level 13 in Axes
  8569 | D:11     | Noticed an eight-headed hydra
  8572 | D:11     | Noticed a two-headed ogre
  8577 | D:11     | Killed a 12-headed hydra
  8577 | D:11     | Received a gift from Okawaru
  8578 | D:11     | Reached XP level 12. HP: 86/110 MP: 8/11
  8583 | D:11     | Killed a two-headed ogre
  8808 | D:11     | Noticed a seven-headed hydra
  8824 | D:11     | Slain by a 13-headed hydra

Illustrated notes

Levels and vault maps discovered:
D:1:      lemuel_arrival_muddy, layout_loops_cross
D:2:      layout_basic
D:3:      layout_basic, hellmonk_ecumenical_altar_blasted
D:4:      layout_basic, minitemple
D:5:      layout_basic
D:6:      layout_basic, kennysheep_potato
D:7:      nicolae_cairo_tiling_large, layout_basic,
          minmay_temple_entry_antechambers, uniq_joseph
D:8:      layout_loops_ring, due_lair_maze_entry_diamond, uniq_gastronok,
          uniq_grum
D:9:      layout_small_grid
D:10:     layout_basic, marbit_many_paths, enter_bailey_8,
          nicolae_blasting_shop, minmay_quadrilaterals
D:11:     layout_basic
Temple:   nicolae_temple_x_marks_the_god

Skill      XL: |  1  2  3  4  5  6  7  8  9 10 11 12 |
---------------+-------------------------------------+-----
Fighting       | 4 5 6 7 9 11 | 11.2
Long Blades    | 3 4 5 7 9 |  9.2
Armour         | 4 5 6 8 9 10 11 | 11.9
Shields        | 4 5 6 7 |  7.0
Dodging        | 1 2 3 |  3.6
Axes           | 3 7 10 13 | 13.9
Stealth        | 1 |  1.4
Invocations    | |  0.4
Evocations     | |  0.2

Action                   |  1- 3 |  4- 6 |  7- 9 | 10-12 || total
-------------------------+-------+-------+-------+-------++-------
Melee: Long sword        |    87 |   168 |    91 |       ||   346
       Headbutt          |     9 |    36 |    34 |    45 ||   124
       Broad axe         |       |       |    64 |   219 ||   283
Invok: Heroism           |       |       |       |     5 ||     5
Evoke: Wand              |       |       |       |     3 ||     3
  Use: Scroll            |     3 |     2 |       |     9 ||    14
       Potion            |       |       |     2 |       ||     2
Armor: Scale mail        |    21 |       |       |    54 ||    75
       Chain mail        |    26 |   103 |    52 |       ||   181
       Plate armour      |       |       |    34 |    61 ||    95
Dodge: Dodged            |    30 |    61 |    79 |    96 ||   266
Block: Buckler           |    23 |    49 |    29 |    60 ||   161
